AoeStats
← AJJ

Arabia

510292678Analyzed
1v1 RM · 18h ago on Sep 30, 2026· 51m 33s· 2 players
Game mode
Random Map
Map size
Tiny (2 player)
Population
200
Speed
Normal
Resources
Standard
Victory
Conquest
Starting age
Dark Age
Ending age
Imperial Age
RankedLock teamsTeams togetherTeam positionsShared explorationLock speedFull tech treeHidden civsTurbo modeCheats
Victory
Defeat
🇨🇳 Gurjaras · China
1362
+22
🇴🇲 Khitans · Oman
1445
-20
嘉宝叔叔
0:59 Loom
10:06 Feudal Age
10:57 Double-Bit Axe
11:49 Horse Collar
12:15 Fletching
12:59 Town Watch
14:22 Padded Archer Armor
22:37 Castle Age
21:42 Gold Mining
22:41 Crossbowman
23:22 Bodkin Arrow
24:29 Bow Saw
26:14 Ballistics
29:45 Leather Archer Armor
29:46 Husbandry
30:12 Scale Barding Armor
33:01 Chain Barding Armor
33:32 Wheelbarrow
34:00 Bloodlines
34:13 Heavy Plow
36:58 Imperial Age
35:08 Gold Shaft Mining
37:06 Forging
38:31 Plate Barding Armor
38:37 Bracer
40:00 Thumb Ring
41:03 Chemistry
40:54 Stone Mining
41:12 Light Cavalry
45:50 Hand Cart
46:05 Conscription
46:52 Iron Casting
46:54 Hussar
48:05 Scale Mail Armor
50:18 Town Patrol
51:13 Chain Mail Armor
52:24 Hoardings
AJJ
6:19 Loom
10:10 Feudal Age
10:44 Domestication
10:51 Double-Bit Axe
13:30 Man-at-Arms
16:25 Fletching
16:49 Forging
17:37 Arson
18:24 Scale Mail Armor
19:14 Padded Archer Armor
24:23 Castle Age
25:22 Bodkin Arrow
25:27 Elite Skirmisher
25:37 Long Swordsman
26:03 Gambesons
26:18 Squires
28:25 Leather Archer Armor
33:28 Ballistics
34:43 Iron Casting
34:24 Chain Mail Armor
37:21 Pastoralism
41:04 Thumb Ring
41:46 Gold Mining
46:34 Imperial Age
46:04 Lamellar Armor
47:19 Bracer
47:49 Ring Archer Armor
48:30 Chemistry
Connection lost

Rejoining the realm…

Still unreachable

The connection could not be restored.

Session expired

The server has moved on; the page needs a fresh start.